 Dungeon Crawl Stone Soup version 0.32-a0-921-g04a7ad8e02 (webtiles) character file.

Game seed: 7976772149249626586

58 Autsider the Trooper (level 4, -1/38 HPs)
             Began as a Formicid Fighter on Apr 11, 2024.
             Incinerated by a bombardier beetle (4 damage)
             ... with a burning spray
             ... on level 3 of the Dungeon.
             The game lasted 00:04:09 (1907 turns).

Autsider the Trooper (Formicid Fighter)             Turns: 1907, Time: 00:04:09

Health: -1/38      AC: 10    Str: 23    XL:     4   Next: 21%
Magic:  4/4        EV:  7    Int:  7    God:
Gold:   131        SH:  4    Dex: 13    Spells: 3/3 levels left

rFire   . . .        a - +0 war axe
rCold   . . .        c - +0 buckler
rNeg    + . .        r - +0 chain mail
rPois   .            (helmet unavailable)
rElec   .            s - +0 cloak
rCorr   .            (no gloves)
SInv    +            (no boots)
Will    .....        (no amulet) Stlth
                     e - ring of positive energy
HPRegen 0.26/turn    (no ring)
MPRegen 0.09/turn

%: no passive effects
@: on fire, glowing
A: permanent stasis, dig shafts and tunnels, antennae 3, four strong arms
a: Dig, Shaft Self


You were on level 3 of the Dungeon.
You visited 1 branch of the dungeon, and saw 3 of its levels.

You collected 131 gold pieces.

Inventory:

Hand Weapons
 a - a +0 war axe (weapon)
Missiles
 h - 5 poisoned darts (quivered)
Armour
 b - a +0 scale mail
 c - a +0 buckler (worn)
 r - a +0 chain mail (worn)
 s - a +0 cloak (worn)
Jewellery
 e - a ring of positive energy (left hand)
Talismans
 o - a talisman of death
Scrolls
 l - a scroll of noise {unknown}
 m - 2 scrolls of acquirement {unknown}
 n - a scroll of fear {unknown}
 p - 2 scrolls of identify {@r1}
Potions
 d - a potion of might
 f - a potion of curing {@q1}
 g - 2 potions of attraction {unknown}
 i - a potion of berserk rage {unknown}
 j - a potion of enlightenment {unknown}
 k - a potion of ambrosia {unknown}
 q - a potion of cancellation {unknown}


   Skills:
 + Level 4.3 Fighting
 + Level 3.2 Axes
 - Level 3.2 Armour
 - Level 4.0 Shields


You had 3 spell levels left.
You didn't know any spells.
Your spell library was empty.

Dungeon Overview and Level Annotations

Branches:
Dungeon (3/15)

Altars:

Shops:
D:1 *

Annotations:
D:1 exclusion: downstairs
D:2 Sigmund


Innate Abilities, Weirdness & Mutations

You cannot be hasted, slowed, berserked, paralysed or teleported.
You can dig through walls and to a lower floor.
You have a pair of large antennae on your head. (SInv)
Your four strong arms can wield two-handed weapons with a shield.


Message History

The bombardier beetle bites you but does no damage.
You hit the bombardier beetle.
The bombardier beetle is heavily wounded.
You barely miss the bombardier beetle.
The bombardier beetle is heavily wounded.
You block the bombardier beetle's attack.
You hit the bombardier beetle.
The bombardier beetle is severely wounded.
You block the bombardier beetle's attack.
You hit the bombardier beetle but do no damage.
The bombardier beetle is severely wounded.
The bombardier beetle bites you but does no damage.
You closely miss the bombardier beetle.
The bombardier beetle is severely wounded.
The bombardier beetle closely misses you.
You barely miss the bombardier beetle.
The bombardier beetle is severely wounded.
You block the bombardier beetle's attack.
You hit the bombardier beetle.
The bombardier beetle is severely wounded.
You barely miss the bombardier beetle.
The bombardier beetle is severely wounded.
The bombardier beetle sprays incendiary fluid at you.
The burning spray hits you.
You are covered in liquid fire!
You hit the bombardier beetle.
The bombardier beetle is severely wounded.
The liquid fire burns you!
* * * LOW HITPOINT WARNING * * *
The bombardier beetle sprays incendiary fluid at you.
The burning spray hits you.
You are even more covered in liquid fire!
You shake off some of the fire as you move.
The liquid fire burns you!
* * * LOW HITPOINT WARNING * * *
The bombardier beetle attacks as it pursues you!
The bombardier beetle bites you but does no damage.
You shake off some of the fire as you move.
The liquid fire burns you!
You die...

#.####.# ##'## #.#
#.####.#### #.# #.#
#.........###.# #.#
#.........>##.## #.#
#..######..#...## #.#
#..######.......######.#
#......##..#...........#
##.###........##########
#.######..##@#
#........)##.#
#.#######.##B#
#.........##.#
############.# #.# #.#
#.# #.#


You could see a bombardier beetle.

Vanquished Creatures
  An adder (D:2)
  A ribbon worm (D:3)
  2 endoplasms (D:3)
  4 giant cockroaches
  3 goblins
  5 hobgoblins
  6 kobolds
  5 quokkas
  3 ball pythons
  9 bats
  A frilled lizard (D:3)
  5 rats
45 creatures vanquished.

Notes
Turn   | Place    | Note
-------+----------+-------------------------------------------
     0 | D:1      | Autsider the Formicid Fighter began the quest for the Orb.
     0 | D:1      | Reached XP level 1. HP: 18/18 MP: 1/1
    69 | D:1      | Found Cygeysaw's General Store.
   132 | D:1      | Reached XP level 2. HP: 7/24 MP: 2/2
   312 | D:1      | Found a faded altar of an unknown god.
   473 | D:1      | Reached XP level 3. HP: 30/30 MP: 3/3
   626 | D:2      | Noticed Sigmund
  1562 | D:3      | Reached XP level 4. HP: 35/37 MP: 4/4
  1907 | D:3      | Incinerated by a bombardier beetle

Illustrated notes

Levels and vault maps discovered:
D:1:      minmay_arrival_stone_box, layout_rooms,
          shapermc_ecumenical_altar_ellora, serial_shops,
          nicolae_shop_advertising_works [nicolae_subvault_shop_adworks]
D:2:      layout_basic, uniq_sigmund
D:3:      layout_loops_corners, grunt_decor_arrowhead, minmay_statues_item

Skill      XL: |  1  2  3 |
---------------+----------+-----
Fighting       | 4 |  4.3
Axes           | 3 |  3.2
Armour         | |  3.2
Shields        | |  4.0

Action                     |  1- 3 |  4- 6 || total
---------------------------+-------+-------++-------
  Melee: War axe           |   125 |    38 ||   163
    Use: Scroll            |     2 |       ||     2
 Armour: Scale mail        |    93 |    13 ||   106
         Chain mail        |       |    17 ||    17
  Dodge: Dodged            |    66 |    13 ||    79
  Block: Buckler           |    40 |    10 ||    50

Table legend: (Time is in decaauts)
 A = Elapsed time spent in this place.
 B = Non-inter-level travel time spent in this place.
 C = Inter-level travel time spent in this place.
 D = Time resting spent in this place.
 E = Time spent auto-exploring this place.
 F = Levels seen in this place.
 G = Mean time per level.
                   A        B        C        D        E       F      G
               +--------+--------+--------+--------+--------+-----+--------+
         Total |   1971 |   1844 |    127 |     68 |   1227 |   3 |  657.0 |
       Dungeon |   1971 |   1844 |    127 |     68 |   1227 |   3 |  657.0 |
               +--------+--------+--------+--------+--------+-----+--------+

Top non-repeatable levels by time:
     D:2: 820 daAuts
     D:1: 660 daAuts
     D:3: 490 daAuts
